[Event "FIDE WCCC Girls-10 2024"]
[Site "Montesilvano"]
[Date "2024.11.25"]
[Round "10.45"]
[White "Kovacikova, Simona"]
[Black "Babii, Oriiana"]
[Result "1-0"]
[ECO "B71"]
[WhiteElo "1412"]
[BlackElo "1481"]
[Annotator "NA RC"]
[PlyCount "33"]
[EventDate "2024.11.18"]
[EventType "swiss"]
[EventCountry "ITA"]
[SourceTitle "playchess.com"]
[Source "ChessBase"]
[SourceQuality "1"]
[TimeControl "5400+30"]

1. e4 c5 2. Nf3 d6 3. d4 cxd4 4. Nxd4 Nf6 5. Nc3 g6 6. f4 Bg7 7. e5 dxe5 8. fxe5 Nd5 9. Bb5+ Kf8 10. Nxd5 Qxd5 11. O-O Bxe5 12. Be3 Kg7 13. Nf5+ Bxf5 14. Qxd5 Bxb2 15. Bd4+ Bxd4+ 16. Qxd4+ Kg8 17. Qd5 1-0

[Event "FIDE WCCC Girls-10 2024"]
[Site "Montesilvano"]
[Date "2024.11.25"]
[Round "10.47"]
[White "Ivanova, Darina"]
[Black "Deviatkova, Diana"]
[Result "1-0"]
[ECO "B56"]
[WhiteElo "1516"]
[BlackElo "1503"]
[Annotator "NA RC"]
[PlyCount "125"]
[EventDate "2024.11.18"]
[EventType "swiss"]
[EventCountry "ITA"]
[SourceTitle "playchess.com"]
[Source "ChessBase"]
[SourceQuality "1"]
[TimeControl "5400+30"]

1. e4 c5 2. Nf3 d6 3. d4 cxd4 4. Nxd4 e5 5. Nf3 Nf6 6. Nc3 Be6 7. Be2 Be7 8. Be3 Nc6 9. Ng5 O-O 10. Nxe6 fxe6 11. Bc4 Qd7 12. O-O Rad8 13. Bg5 d5 14. exd5 exd5 15. Bxf6 dxc4 16. Bxe7 Qxe7 17. Qg4 Rd4 18. Qe2 a6 19. Rad1 Rdf4 20. Nd5 Qe8 21. Nxf4 Rxf4 22. Rfe1 Qf7 23. Rd6 Qe7 24. Red1 h6 25. g3 Rf7 26. Qxc4 Nd4 27. Qc8+ Kh7 28. Rd8 Qf6 29. Rh8+ Kg6 30. Qg4+ Qg5 31. Qxg5+ Kxg5 32. f4+ Kg4 33. fxe5 Nf3+ 34. Kg2 Nxe5 35. Rd4+ Kf5 36. Rf4+ Ke6 37. Rxf7 Nxf7 38. Rb8 Nd6 39. b3 Kd5 40. c4+ Kc5 41. Rd8 Nf5 42. Rd7 Kc6 43. Rf7 Ne3+ 44. Kf3 Nf1 45. Rxg7 Nd2+ 46. Ke2 Ne4 47. Rg6+ Kc7 48. Rxh6 Nc3+ 49. Kd3 Nxa2 50. g4 Nb4+ 51. Kc3 Nc6 52. g5 Ne5 53. g6 Ng4 54. Rh7+ Kb6 55. g7 Ka7 56. g8=Q Nf6 57. Qg1+ Kb8 58. Qg3+ Ka7 59. Qe3+ Kb8 60. Qe5+ Ka7 61. Qc5+ Kb8 62. Rh8+ Ne8 63. Rxe8# 1-0

[Event "FIDE WCCC Girls-10 2024"]
[Site "Montesilvano"]
[Date "2024.11.25"]
[Round "10.48"]
[White "Kiss, Villo"]
[Black "Gichuga Wanjiru Wanjiku"]
[Result "0-1"]
[ECO "D02"]
[WhiteElo "1492"]
[BlackElo "1436"]
[Annotator "NA RC"]
[PlyCount "82"]
[EventDate "2024.11.18"]
[EventType "swiss"]
[EventCountry "ITA"]
[SourceTitle "playchess.com"]
[Source "ChessBase"]
[SourceQuality "1"]
[TimeControl "5400+30"]

1. Nf3 Nc6 2. d4 d5 3. g3 Bf5 4. Bg2 Nb4 5. c4 Nc2+ 6. Kf1 Nxa1 7. Nc3 dxc4 8. Qa4+ c6 9. Qxc4 Nf6 10. Nd2 e6 11. e4 Bg6 12. Ne2 Be7 13. Bf3 O-O 14. Kg2 Bh5 15. Bxh5 Nxh5 16. e5 g6 17. b4 a5 18. Bb2 Bxb4 19. Ne4 b5 20. Qd3 Qd5 21. a3 Be7 22. Rxa1 f5 23. exf6 Nxf6 24. f3 c5 25. Rc1 c4 26. Qe3 b4 27. Nf4 Qc6 28. Ng5 Ng4 29. Qxe6+ Qxe6 30. Ngxe6 c3 31. Nxf8 cxb2 32. Re1 Ne3+ 33. Kf2 Nc4 34. a4 Na3 35. Rxe7 b1=Q 36. N4e6 Rxf8 37. Nxf8 Kxf8 38. Re2 b3 39. d5 Qd3 40. Re3 Qd2+ 41. Re2 Qxd5 0-1